 Dungeon Crawl Stone Soup version 0.31-a0-200-gbc41564c69 (webtiles) character file.

Game seed: 4953574017594628128

2783 qw the Markself (level 9, 0/52 HPs)
             Began as a Deep Elf Hunter on June 25, 2023.
             Was an Initiate of Okawaru.
             Succumbed to a killer bee's poison
             ... on level 8 of the Dungeon.
             The game lasted 00:03:21 (6747 turns).

qw the Markself (Deep Elf Hunter)                   Turns: 6747, Time: 00:03:21

Health: 0/52       AC:  8    Str: 12      XL:     9   Next: 43%
Magic:  2/12       EV: 13    Int:  4 (15) God:    Okawaru [......]
Gold:   770        SH:  0    Dex: 18      Spells: 8/8 levels left

rFire   . . .        Y - +2 orcbow (flame)
rCold   . . .        (shield currently unavailable)
rNeg    . . .        b - +1 ring mail {rPois}
rPois   +            f - +0 helmet
rElec   .            k - +0 cloak
rCorr   .            (no gloves)
SInv    .            (no boots)
Will    .....        e - amulet of regeneration Stlth
                     (no ring)
HPRegen 1.08/turn    (no ring)
MPRegen 0.13/turn

%: no passive effects
@: confused, lethally poisoned (0 -> -3)
A: no striking features
a: Renounce Religion


You were on level 8 of the Dungeon.
You worshipped Okawaru.
Okawaru was noncommittal.
You visited 2 branches of the dungeon, and saw 9 of its levels.
You also visited: Sewer.

You collected 770 gold pieces.


   Skills:
 + Level 3.8 Fighting
 - Level 15.3 Ranged Weapons
 - Level 1.0 Armour
 - Level 5.0 Dodging
 - Level 1.2 Stealth
 - Level 2.5 Invocations


You had 8 spell levels left.
You didn't know any spells.
Your spell library was empty.

Inventory:

Hand Weapons
 Y - a +2 orcbow of flaming (weapon)
Armour
 b - a +1 ring mail of poison resistance (worn)
 f - a +0 helmet (worn)
 k - a +0 cloak (worn)
Jewellery
 e - an amulet of regeneration (around neck)
Scrolls
 a - 4 scrolls of teleportation
 h - a scroll of identify
Potions
 d - a potion of mutation
 g - a potion of might {unknown}
 j - a potion of enlightenment
 l - 2 potions of haste
 n - a potion of cancellation {unknown}

Dungeon Overview and Level Annotations

Branches:
Dungeon (8/15)             Temple (1/1) D:5           Sewer (visited)
   Lair: D:8-11

Altars:
Cheibriados
Dithmenos
Elyvilon
Gozag
Hepliaklqana
Makhleb
Nemelex Xobeh
Okawaru
Qazlal
Trog
Uskayaw
Vehumet
Xom
Yredelemnul
Zin
The Shining One

Shops:
D:1 (   D:4 (

Annotations:
D:6 1 runed translucent door, Crazy Yiuf
D:8 exclusions: 4 lava snakes and orange crystal statue


Message History

6738 ||| DRINKING potion of heal wounds.
You feel much better.
You feel sick. The killer bee misses you. The killer bee closely misses you.
The killer bee stings you. The killer bee closely misses you.
You feel sick. The killer bee closely misses you. The killer bee misses you.
The killer bee barely misses you.
The killer bee stings you but does no damage.
You feel sick.
The killer bee stings you but does no damage.
The killer bee completely misses you. The killer bee closely misses you. x2
You feel sick. The killer bee stings you.
The killer bee stings you but does no damage.
The killer bee barely misses you. The killer bee closely misses you.
You feel sick.
The killer bee stings you but does no damage.
The killer bee stings you!
The orange crystal statue fixes its piercing gaze on you.
You feel dopey. Something feeds on your intellect! The killer bee stings you.
The killer bee stings you but does no damage.
You feel sick. The killer bee completely misses you.
The killer bee barely misses you.
The orange crystal statue glitters.
You are more confused.
The killer bee closely misses you. The killer bee misses you.
You feel sick.
You are no longer poisoned.
The killer bee stings you!
The killer bee stings you but does no damage.
The orange crystal statue glitters.
You are more confused.
The killer bee closely misses you. The killer bee stings you.
The killer bee closely misses you. The killer bee misses you.
The killer bee stings you. The killer bee closely misses you.
The killer bee stings you.
You are poisoned.
The killer bee poisons you! The killer bee closely misses you.
The killer bee stings you but does no damage.
The killer bee stings you.
You die...

##.........#
...........#
...........#
...........##
............#
.......[<...#
............#
........))..#
..........@#.....
.........y#y......
..................
..................
........#.........
#....###.......SS
#... #......SS~ ##
#. ...~~z8


You could see an orange crystal statue, 2 killer bees, 4 lava snakes and a wight
(summoned).

Vanquished Creatures
  Maggie (D:8)
  Grinder (D:4)
  A hornet (D:7)
  A water moccasin (D:7)
  2 black bears
  An orc warrior (D:7)
  An ice beast (D:6)
  An ogre (D:6)
  2 centaurs
  2 kobold brigands (Sewer)
  2 phantoms
  A scorpion (D:4)
  A howler monkey (D:6)
  3 hounds (D:4)
  2 orc priests (D:7)
  3 jellies
  2 sleepcaps
  5 iguanas
  4 orc wizards
  Ijyb (D:2)
  Terence (D:3)
  Robin (D:3)
  13 gnolls
  14 adders
  5 river rats (Sewer)
  A shadow imp (D:7)
  2 worms
  4 dart slugs
  10 orcs
  9 endoplasms
  8 giant cockroaches
  7 goblins
  9 hobgoblins
  7 jackals
  7 kobolds
  4 quokkas
  14 ball pythons
  4 bats
  7 frilled lizards
  13 rats
177 creatures vanquished.

Notes
Turn   | Place    | Note
-------+----------+-------------------------------------------
     0 | D:1      | qw the Deep Elf Hunter began the quest for the Orb.
     0 | D:1      | Reached XP level 1. HP: 12/12 MP: 3/3
     0 | D:1      | 0 ||| qw: Version: 0.3-a-22-g0ed2b0b
     0 | D:1      | 0 ||| qw: Game counter: 5612
     0 | D:1      | 0 ||| qw: Melee chars always use a shield: true
     0 | D:1      | 0 ||| qw: God list: Okawaru
     0 | D:1      | 0 ||| qw: Allow faded altars: false
     0 | D:1      | 0 ||| qw: Do Orc after clearing Dungeon:15 true
     0 | D:1      | 0 ||| qw: Do second Lair branch before Depths: true
     0 | D:1      | 0 ||| qw: Lair rune preference: random
     0 | D:1      | 0 ||| qw: Goals: Normal
     0 | D:1      | 0 ||| PLANNING D:1-11
   245 | D:1      | 245 ||| Stepping ~*~*~tactically~*~*~ (water).
   302 | D:1      | Reached XP level 2. HP: 16/16 MP: 4/4
   331 | D:1      | Reached skill level 6 in Ranged Weapons
   405 | D:1      | Found Johen's Weapon Shop.
   425 | D:1      | 425 ||| SHOPLISTING +1 shortbow of flaming (173 gold, have
                  | 53).
   489 | D:1      | Reached XP level 3. HP: 20/20 MP: 5/5
   858 | D:1      | 858 ||| UPGRADING to +0 helmet.
   863 | D:1      | 863 ||| UPGRADING to +0 ring mail.
   873 | D:1      | 873 ||| DROPPING +0 leather armour.
   874 | D:1      | 874 ||| UPGRADING to +0 cloak.
   879 | D:1      | 879 ||| UPGRADING to amulet of regeneration.
   884 | D:1      | 884 ||| READING scroll labelled FUTUPP ZOFI.
   885 | D:1      | 885 ||| READING scroll labelled GYDDE IQEIT.
   886 | D:1      | 886 ||| READING scroll labelled LAONUTOTUN.
   895 | D:1      | 895 ||| READING scroll labelled VORGHE TYBYCVAS.
   896 | D:1      | 896 ||| DROPPING scroll of butterflies.
  1000 | D:2      | Reached skill level 7 in Ranged Weapons
  1075 | D:2      | You fall into a shaft and drop 2 floors!
  1079 | D:4      | Found Vuenol's Weapon Shop.
  1121 | D:4      | Reached XP level 4. HP: 25/25 MP: 6/6
  1169 | D:4      | Reached skill level 8 in Ranged Weapons
  1219 | D:4      | 1219 ||| READING scroll labelled QIMMAM GODYINLUM.
  1220 | D:4      | 1220 ||| READING scroll labelled RUOQAI OHIA.
  1262 | D:3      | Reached XP level 5. HP: 14/29 MP: 7/7
  1301 | D:3      | Found a faded altar of an unknown god.
  1533 | D:2      | Reached skill level 9 in Ranged Weapons
  1747 | D:2      | 1747 ||| DROPPING +6 ring of intelligence.
  1748 | D:2      | 1748 ||| READING scroll labelled XILADI GEYGIET.
  1749 | D:2      | 1749 ||| READING scroll labelled OLOCUECWEEL.
  1749 | D:2      | Identified a scroll of acquirement
  1749 | D:2      | 1749 ||| ACQUIRING +2 orcbow of flaming
  1749 | D:2      | Acquired a +2 orcbow of flaming
  1751 | D:2      | 1751 ||| SWAPPING to +2 orcbow of flaming.
  1752 | D:2      | 1752 ||| DROPPING +0 shortbow.
  1753 | D:2      | 1753 ||| DRINKING 2 viscous black potions.
  1754 | D:2      | 1754 ||| DRINKING 2 emerald potions.
  1770 | D:3      | Noticed Robin
  1770 | D:3      | Noticed Ijyb
  1770 | D:3      | Noticed Terence
  1773 | D:3      | Killed Terence
  1774 | D:3      | 1774 ||| STAIRDANCE
  1785 | D:2      | Killed Ijyb
  1833 | D:2      | 1833 ||| UPGRADING to +1 ring mail of poison resistance.
  1843 | D:2      | 1843 ||| DROPPING +0 ring mail.
  1848 | D:3      | 1848 ||| STAIRDANCE
  1853 | D:2      | Reached skill level 1 in Armour
  1867 | D:3      | Reached XP level 6. HP: 35/35 MP: 8/8
  1868 | D:3      | Killed Robin
  2581 | D:3      | 2581 ||| READING 2 scrolls of identify.
  2581 | D:3      | 2581 ||| IDENTIFYING white potion
  2643 | D:4      | Reached skill level 10 in Ranged Weapons
  2815 | D:4      | Noticed Grinder
  2833 | D:4      | Killed Grinder
  2834 | D:4      | Reached XP level 7. HP: 28/40 MP: 9/9
  3208 | D:4      | 3208 ||| DRINKING 2 coppery potions.
  3209 | D:4      | 3209 ||| READING 2 scrolls of identify.
  3209 | D:4      | 3209 ||| IDENTIFYING bubbling ruby potion
  3210 | D:4      | 3210 ||| DROPPING potion of attraction.
  3229 | D:5      | Entered Level 5 of the Dungeon
  3230 | D:5      | 3230 ||| PLANNING SEWER
  3260 | D:5      | Reached skill level 11 in Ranged Weapons
  3373 | D:5      | Found a glowing drain.
  3374 | D:5      | 3374 ||| DROPPING amulet of magic regeneration.
  3380 | Sewer    | Entered a sewer
  3422 | Sewer    | 3422 ||| Stepping ~*~*~tactically~*~*~ (water).
  3430 | Sewer    | 3430 ||| Stepping ~*~*~tactically~*~*~ (water).
  3449 | Sewer    | 3449 ||| Stepping ~*~*~tactically~*~*~ (water).
  3451 | Sewer    | 3451 ||| Stepping ~*~*~tactically~*~*~ (water).
  3453 | Sewer    | 3453 ||| Stepping ~*~*~tactically~*~*~ (water).
  3455 | Sewer    | 3455 ||| Stepping ~*~*~tactically~*~*~ (water).
  3461 | Sewer    | Reached XP level 8. HP: 44/44 MP: 10/10
  3499 | Sewer    | Reached skill level 12 in Ranged Weapons
  3638 | Sewer    | 3638 ||| DRINKING 3 metallic green potions.
  3684 | Sewer    | 3684 ||| Stepping ~*~*~tactically~*~*~ (water).
  3746 | Sewer    | 3746 ||| Stepping ~*~*~tactically~*~*~ (water).
  3916 | Sewer    | 3916 ||| READING scroll labelled URACUQU MUMOL.
  3921 | Sewer    | 3921 ||| DRINKING 3 fuming brown potions.
  3922 | Sewer    | 3922 ||| DROPPING 2 potions of magic.
  3953 | D:5      | 3953 ||| PLANNING D:1-11
  4004 | D:5      | Found a staircase to the Ecumenical Temple.
  4005 | D:5      | 4005 ||| PLANNING TEMPLE
  4013 | Temple   | Entered the Ecumenical Temple
  4030 | Temple   | 4030 ||| PLANNING OKAWARU WORSHIP
  4197 | Temple   | Became a worshipper of Warmaster Okawaru
  4198 | Temple   | 4198 ||| PLANNING D:1-11
  4253 | D:5      | Reached skill level 3 in Fighting
  4415 | D:5      | Found a stormy altar of Qazlal.
  4418 | D:5      | Noticed an air elemental
  4756 | D:6      | Reached skill level 13 in Ranged Weapons
  5234 | D:6      | Found a runed translucent door.
  5235 | D:6      | Noticed Crazy Yiuf
  5765 | D:6      | 5765 ||| Stepping randomly (stuck).
  5816 | D:7      | Reached skill level 14 in Ranged Weapons
  6014 | D:7      | Reached XP level 9. HP: 50/50 MP: 11/11
  6142 | D:7      | Reached * piety under Okawaru
  6169 | D:7      | 6169 ||| INVOKING Heroism.
  6321 | D:7      | Reached skill level 15 in Ranged Weapons
  6339 | D:7      | 6339 ||| INVOKING Heroism.
  6348 | D:7      | Reached skill level 1 in Invocations
  6601 | D:7      | 6601 ||| READING scroll labelled EDEIMYH SUOG.
  6625 | D:8      | Noticed Maggie
  6627 | D:8      | 6627 ||| STAIRDANCE
  6637 | D:8      | 6637 ||| STAIRDANCE
  6649 | D:8      | 6649 ||| STAIRDANCE
  6684 | D:8      | Killed Maggie
  6685 | D:8      | 6685 ||| STAIRDANCE
  6698 | D:8      | Noticed an orange crystal statue
  6699 | D:8      | 6699 ||| INVOKING Heroism.
  6710 | D:8      | 6710 ||| DRINKING potion of curing.
  6710 | D:8      | 6710 ||| (to cure confusion)
  6725 | D:8      | HP: 13/52 [killer bee[an orange crystal statue] (4)]
  6726 | D:8      | 6726 ||| DRINKING 2 potions of heal wounds.
  6737 | D:8      | HP: 12/52 [killer bee[an orange crystal statue] (5)]
  6738 | D:8      | 6738 ||| DRINKING potion of heal wounds.
  6744 | D:8      | HP: 9/52 [killer bee[an orange crystal statue] (6)]
  6746 | D:8      | HP: 2/52 [killer bee[an orange crystal statue] (3)]
  6747 | D:8      | Succumbed to a killer bee's poison

Levels and vault maps discovered:
D:1:      dpeg_cavernosity, layout_loops_ring, serial_shops,
          nicolae_shop_waterfront, serial_bayou_ford_a
D:2:      layout_basic
D:3:      layout_basic, ebering_ecumenical_altar_rust, nicolae_goblin_pals,
          uniq_terence
D:4:      minmay_polygon_palace, layout_basic, serial_shops, kennysheep_mini,
          uniq_grinder
D:5:      layout_gridville, nicolae_qazlal_style_of_elements,
          minmay_temple_entry_junction_2, gup_sewer_entry_bubbles, minivault_14,
          water_maze_lemuel
D:6:      layout_basic, uniq_crazy_yiuf_cottage
D:7:      layout_gridville, roderic_cross_of_infinity
D:8:      layout_cave_pods, kennysheep_orc_sif_temple,
          nicolae_overflow_crystal_walls, disabler_island, uniq_prince_ribbit1,
          uniq_maggie
Temple:   bh_familiar_temple

Skill      XL: |  1  2  3  4  5  6  7  8  9 |
---------------+----------------------------+-----
Ranged Weapons | 6 7 8 9 10 11 14 15 | 15.3
Fighting       | 2 3 |  3.8
Armour         | 1 |  1.0
Dodging        | 5 |  5.0
Invocations    | 2 |  2.5
Stealth        | |  1.2

Action                     |  1- 3 |  4- 6 |  7- 9 || total
---------------------------+-------+-------+-------++-------
   Fire: Shortbow          |   132 |    72 |       ||   204
         Orcbow            |       |    88 |   264 ||   352
 Invoke: Heroism           |       |       |     3 ||     3
    Use: Scroll            |     4 |     5 |     3 ||    12
         Potion            |       |     2 |     6 ||     8
 Armour: Leather armour    |     5 |       |       ||     5
         Ring mail         |    17 |    56 |    65 ||   138
  Dodge: Dodged            |    35 |    73 |   133 ||   241

Table legend:
 A = Non-vault XP
 B = Vault XP
 C = Vault XP percentage of total XP
 D = Non-vault monster count
 E = Vault monster count
 F = Vault count percentage of total count
                 A         B        C        D         E       F
            +---------+---------+-------+---------+---------+-------
      Total |    2694 |    1283 |  32.3 |     120 |      57 |  32.2
            +---------+---------+-------+---------+---------+-------
        D:1 |      52 |       6 |  10.3 |      27 |       4 |  12.9
        D:2 |      94 |      46 |  32.9 |      21 |       6 |  22.2
        D:3 |     140 |      53 |  27.5 |      17 |       3 |  15.0
        D:4 |     279 |     483 |  63.4 |      15 |      15 |  50.0
        D:5 |     375 |      24 |   6.0 |       9 |       6 |  40.0
        D:6 |     574 |       0 |   0.0 |      11 |       0 |   0.0
        D:7 |    1152 |       0 |   0.0 |      18 |       0 |   0.0
        D:8 |      28 |     356 |  92.7 |       2 |       1 |  33.3
      Sewer |       0 |     315 | 100.0 |       0 |      22 | 100.0
            +---------+---------+-------+---------+---------+-------
